 Dungeon Crawl Stone Soup version 0.28-a0-94-g325244837d (webtiles) character file.

Game seed: 3542365032556440387

173 Sweetruy1997 the Skirmisher (level 5, -3/43 (47) HPs)
             Began as a Gnoll Wanderer on Aug 7, 2021.
             Killed by nerve-wracking pain
             ... invoked by an orc priest
              (11 damage)
             ... on level 3 of the Dungeon.
             The game lasted 00:07:39 (2197 turns).

Sweetruy1997 the Skirmisher (Gnoll Wanderer)        Turns: 2197, Time: 00:07:40

HP:   -3/43 (47)    AC: 11    Str: 14    XL:     5   Next: 53%
MP:   6/7           EV:  9    Int: 10    God:
Gold: 20            SH:  0    Dex: 11    Spells: 6/7 levels left

rFire   x . .      SeeInvis .   f - +1 dagger (drain)
rCold   + . .      Faith    .   (no shield)
rNeg    . . .      Spirit   .   b - +2 scale mail
rPois   .          Reflect  .   q - +0 helmet
rElec   .          Harm     .   (no cloak)
rCorr   .          Rampage  .   h - +0 pair of gloves
Will    .....                   (no boots)
Stlth   +.........              (no amulet)
HPRegen 0.14/turn               d - ring of ice
MPRegen 0.10/turn               (no ring)

@: studying Ice Magic, drained
A: fangs 1, strong nose, distributed training
a: no special abilities


You were on level 3 of the Dungeon.
You visited 1 branch of the dungeon, and saw 3 of its levels.

You collected 104 gold pieces.
You spent 84 gold pieces at shops.

Inventory:

Hand Weapons
 a - a +0 shortbow
 f - a +1 dagger of draining (weapon)
Missiles
 c - 31 arrows
Armour
 b - a +2 scale mail (worn)
 h - a +0 pair of gloves (worn)
 q - a +0 helmet (worn)
Jewellery
 d - a ring of ice (left hand)
Scrolls
 g - a scroll of enchant weapon {unknown}
 n - a scroll of fog
 o - 3 scrolls of teleportation {unknown}
Potions
 e - a potion of lignification {unknown}
 i - a potion of brilliance {unknown}
 j - a potion of mutation {unknown}
 l - a potion of heal wounds {unknown}
 m - a potion of curing {unknown}


   Skills:
 + Level 6.7 Fighting
 + Level 1.5 Short Blades
 + Level 1.5 Long Blades
 + Level 1.5 Axes
 + Level 1.5 Maces & Flails
 + Level 1.5 Polearms
 + Level 1.5 Staves
 + Level 1.5 Slings
 + Level 3.0 Bows
 + Level 1.5 Crossbows
 + Level 1.5 Throwing
 + Level 3.0 Armour
 + Level 1.5 Dodging
 + Level 2.8 Stealth
 + Level 1.5 Shields
 + Level 1.5 Unarmed Combat
 + Level 1.5 Spellcasting
 + Level 1.2 Conjurations
 + Level 1.2 Hexes
 + Level 1.2 Summonings
 + Level 4.0 Necromancy
 + Level 1.2 Translocations
 + Level 1.2 Transmutations
 + Level 1.2 Fire Magic
 + Level 1.8 Ice Magic
 + Level 1.2 Air Magic
 + Level 1.2 Earth Magic
 + Level 2.4 Poison Magic
 + Level 1.7 Invocations
 + Level 3.0 Evocations


You had 6 spell levels left.
You knew the following spells:

 Your Spells              Type           Power      Damage    Failure   Level
a - Freeze                Ice            24%        1d5       52%         1

Your spell library contained the following spells:

 Spells                   Type           Power      Damage    Failure   Level
 Frozen Ramparts          Ice            12%        1d3       88%         3
 Inner Flame              Hex/Fire       3%         N/A       94%         3
 Cause Fear               Hex            1%         N/A       100%        4
 Discord                  Hex            1%         N/A       100%        8


Dungeon Overview and Level Annotations

Branches:
Dungeon (3/15)

Altars:

Shops:
D:3 ?[


Innate Abilities, Weirdness & Mutations

You have very sharp teeth.
Your uncanny sense of smell can sniff out nearby items.
Your experience applies equally to all skills.


Message History

Beogh smites you!
The gnoll hits you with a +0 whip of draining.
You feel drained.
You hit the gnoll. You drain the gnoll.
The gnoll is almost dead.
A gnoll comes into view. It is wielding a +0 flail.
The gnoll closely misses you.
You hit the gnoll. Your bite misses the gnoll.
The gnoll is almost dead.
You hit the gnoll.
You kill the gnoll!
A gnoll comes into view. It is wielding a +0 flail.
The orc priest miscasts a cantrip.
Your Necromancy skill increases to level 4!
You closely miss the orc.
The gnoll shouts!
You bite the orc.
The orc is lightly wounded.
You hear a shout!
The orc hits you but does no damage.
You hear a shout!
You hit the orc.
The orc is moderately wounded.
The orc priest calls down the wrath of Beogh upon you.
Beogh smites you! The orc hits you but does no damage.
You closely miss the orc.
The orc is moderately wounded.
The orc priest begins to cast a cantrip, but forgets the words!
You hit the orc. You drain the orc.
You kill the orc!
The gnoll sergeant hits you from afar with a +0 spear.
* * * LOW HITPOINT WARNING * * *
You hit the orc priest.
The orc priest is lightly wounded.
The orc priest hits you with a +0 club.
* * * LOW HITPOINT WARNING * * *
The gnoll sergeant barely misses you.
The orc priest invokes the aid of Beogh against you.
Pain shoots through your body!
You die...

..................†.......
∆
≈≈≈≈≈≈≈≈≈≈≈≈≈≈....≈≈≈≈≈≈≈≈
≈≈≈≈≈≈≈≈≈≈≈≈≈≈....≈≈≈≈≈≈≈≈
#≈≈≈≈≈≈≈≈≈≈≈≈....≈≈≈≈≈≈≈≈
#........................
#############''''#########
#.......#....#.......#
∆#.......#...)#g......#
#.^....))..@.ogg.....#
#+##################)# ∆
#.......# g.......#
........# #..o...(.
########. ∆ ∆∆∆ ∆.∆ ∆ . ##


You could see a gnoll sergeant, an orc priest and 2 gnolls.

Vanquished Creatures
  2 adders
  8 gnolls
  A worm (D:2)
  6 orcs (D:3)
  8 ball pythons
  4 endoplasms
  3 goblins
  7 hobgoblins
  12 jackals
  5 kobolds (D:1)
  5 bats
  2 frilled lizards
  5 rats
68 creatures vanquished.

Notes
Turn   | Place    | Note
-------+----------+-------------------------------------------
     0 | D:1      | Sweetruy1997 the Gnoll Wanderer began the quest for the
                  | Orb.
     0 | D:1      | Sweetruy1997 set off with the following items: a +0
                  | shortbow, a +2 scale mail, 27 arrows; and the following
                  | spell memorised: Freeze; and the following spells available
                  | to memorise: Frozen Ramparts
     0 | D:1      | Reached XP level 1. HP: 23/23 MP: 1/1
   149 | D:1      | Reached XP level 2. HP: 29/29 MP: 2/2
   388 | D:1      | Reached XP level 3. HP: 34/35 MP: 0/3
   666 | D:1      | Reached skill level 1 in Ice Magic
   666 | D:1      | Reached skill level 1 in Invocations
   819 | D:1      | Found a faded altar of an unknown god.
   965 | D:2      | Reached skill level 1 in Short Blades
   965 | D:2      | Reached skill level 1 in Long Blades
   965 | D:2      | Reached skill level 1 in Axes
   965 | D:2      | Reached skill level 1 in Maces & Flails
   965 | D:2      | Reached skill level 1 in Polearms
   965 | D:2      | Reached skill level 1 in Staves
   965 | D:2      | Reached skill level 1 in Slings
   965 | D:2      | Reached skill level 1 in Crossbows
   965 | D:2      | Reached skill level 1 in Throwing
   965 | D:2      | Reached skill level 1 in Dodging
   965 | D:2      | Reached skill level 1 in Shields
   965 | D:2      | Reached skill level 1 in Unarmed Combat
   965 | D:2      | Reached skill level 1 in Spellcasting
   970 | D:2      | Reached XP level 4. HP: 24/41 MP: 2/5
  1437 | D:2      | Reached skill level 1 in Conjurations
  1437 | D:2      | Reached skill level 1 in Hexes
  1437 | D:2      | Reached skill level 1 in Summonings
  1437 | D:2      | Reached skill level 1 in Translocations
  1437 | D:2      | Reached skill level 1 in Transmutations
  1437 | D:2      | Reached skill level 1 in Fire Magic
  1437 | D:2      | Reached skill level 1 in Air Magic
  1437 | D:2      | Reached skill level 1 in Earth Magic
  1679 | D:3      | Found Koush's Magic Scroll Shop.
  1695 | D:3      | Bought a scroll of identify for 26 gold pieces
  1695 | D:3      | Bought a scroll of noise for 13 gold pieces
  1695 | D:3      | Bought a scroll of immolation for 45 gold pieces
  1703 | D:3      | Found Eliuv's Antique Armour Boutique.
  1761 | D:3      | Reached XP level 5. HP: 47/47 MP: 6/6
  2197 | D:3      | Killed from afar by an orc priest

Illustrated notes

Levels and vault maps discovered:
D:1:      dpeg_arrival_tiny_g, layout_loops_ring,
          ebering_ecumenical_altar_sacrificial, minmay_misc_feat_rows,
          solitary_fountain, minmay_misc_feat_secret_circle
D:2:      layout_basic, minmay_between
D:3:      lemuel_castle_with_subvaults [lemuel_castle_interior_carwin_3],
          layout_basic, serial_shops, shop, nicolae_shop_overgrown_old_shop,
          nicolae_shop_competitors_out_of_business, shop, nicolae_diamond_shop,
          lemuel_flame_loot_1, uniq_terence, uniq_natasha

Skill      XL: |  1  2  3  4  5 |
---------------+----------------+-----
Poison Magic   | 2 |  2.4
Ice Magic      | 1 |  1.8
Invocations    | 1 |  1.7
Short Blades   | 1 |  1.5
Long Blades    | 1 |  1.5
Axes           | 1 |  1.5
Maces & Flails | 1 |  1.5
Polearms       | 1 |  1.5
Staves         | 1 |  1.5
Slings         | 1 |  1.5
Crossbows      | 1 |  1.5
Throwing       | 1 |  1.5
Dodging        | 1 |  1.5
Shields        | 1 |  1.5
Unarmed Combat | 1 |  1.5
Spellcasting   | 1 |  1.5
Conjurations   | 1 |  1.2
Hexes          | 1 |  1.2
Summonings     | 1 |  1.2
Translocations | 1 |  1.2
Transmutations | 1 |  1.2
Fire Magic     | 1 |  1.2
Air Magic      | 1 |  1.2
Earth Magic    | 1 |  1.2
Bows           | 3 |  3.0
Armour         | 3 |  3.0
Evocations     | 3 |  3.0
Necromancy     | 4 |  4.0
Fighting       | |  6.7
Stealth        | |  2.8

Action                   |  1- 3 |  4- 6 || total
-------------------------+-------+-------++-------
Melee: Dagger            |     9 |    54 ||    63
       Bite              |     1 |     5 ||     6
 Fire: Shortbow          |    88 |    52 ||   140
 Cast: Freeze            |     5 |    13 ||    18
  Use: Scroll            |       |     3 ||     3
Armor: Scale mail        |    26 |    43 ||    69
Dodge: Dodged            |    26 |    30 ||    56

Table legend: (Time is in decaauts)
 A = Elapsed time spent in this place.
 B = Non-inter-level travel time spent in this place.
 C = Inter-level travel time spent in this place.
 D = Time resting spent in this place.
 E = Time spent auto-exploring this place.
 F = Levels seen in this place.
 G = Mean time per level.
                   A        B        C        D        E       F      G
               +--------+--------+--------+--------+--------+-----+--------+
         Total |   2207 |   2188 |     19 |    403 |   1317 |   3 |  735.7 |
       Dungeon |   2207 |   2188 |     19 |    403 |   1317 |   3 |  735.7 |
               +--------+--------+--------+--------+--------+-----+--------+

Top non-repeatable levels by time:
     D:1: 913 daAuts
     D:2: 776 daAuts
     D:3: 518 daAuts
